 Dungeon Crawl Stone Soup version 0.25-a0-549-g6e6e6501ad (webtiles) character file.

Game seed: 10730656263225983271, levelgen mode: deterministic

627 MrRokkomies the Firebug (level 7, -2/36 HPs)
             Began as a Deep Elf Fire Elementalist on Feb 23, 2020.
             Was an Initiate of Vehumet.
             Killed by divine providence
             ... invoked by an orc priest
              (14 damage)
             ... on level 5 of the Dungeon.
             The game lasted 00:13:26 (5505 turns).

MrRokkomies the Firebug (DEFE)                      Turns: 5505, Time: 00:13:56

Health: -2/36      AC:  6    Str:  7    XL:     7   Next: 23%
Magic:  11/13      EV: 15    Int: 20    God:    Vehumet [......]
Gold:   272        SH:  0    Dex: 15    Spells: 1/12 levels left

rFire    . . .     SeeInvis .   a - +1 rapier (protect)
rCold    . . .     Gourm    .   (no shield)
rNeg     . . .     Faith    .   i - +0 robe {Archmagi}
rPois    .         Spirit   .   (no helmet)
rElec    .         Reflect  .   h - +1 cloak
rCorr    .         Harm     .   (no gloves)
MR       .....                  j - +0 pair of boots
Stlth    ++........             (no amulet)
HPRegen  0.12/turn              s - +1 ring of protection
MPRegen  0.13/turn              (no ring)

@: no status effects
A: no striking features
a: Renounce Religion


You were on level 5 of the Dungeon.
You worshipped Vehumet.
Vehumet was noncommittal.
You were hungry.

You visited 2 branches of the dungeon, and saw 6 of its levels.

You collected 272 gold pieces.

Inventory:

Hand Weapons
 a - a +1 rapier of protection (weapon)
 b - a +1 vorpal hunting sling
 r - a +2 short sword of venom
Missiles
 e - 28 sling bullets
Armour
 h - a +1 cloak (worn)
 i - a +0 robe of the Archmagi (worn)
 j - a +0 pair of boots (worn)
Jewellery
 l - an uncursed ring of ice
 s - a +1 ring of protection (left hand)
Wands
 g - a wand of random effects (20)
Scrolls
 d - a scroll of amnesia
 f - 2 scrolls of immolation
 n - a scroll of teleportation
 v - 2 scrolls of enchant weapon
Potions
 k - a potion of curing
 m - a potion of haste
 o - 2 potions of might
 p - 2 potions of ambrosia {unknown}
 t - a potion of stabbing {unknown}
Comestibles
 c - 4 rations


   Skills:
 + Level 4.8 Dodging
 - Level 2.4 Stealth
 - Level 3.0 Spellcasting
 * Level 5.4 Conjurations
 * Level 6.3 Fire Magic


You had one spell level left.
You knew the following spells:

 Your Spells              Type           Power        Failure   Level  Hunger
a - Foxfire               Conj/Fire      ####         1%          1    None
b - Conjure Flame         Conj/Fire      #####...     3%          3    ###....
c - Inner Flame           Hex/Fire       ###.....     12%         3    ###....
d - Sticky Flame          Conj/Fire      #####...     13%         4    ####...

Your spell library contained the following spells:

 Spells                   Type           Power        Failure   Level  Hunger
 Fireball                 Conj/Fire      #####.....   34%         5    ######.


Dungeon Overview and Level Annotations

Branches:
Dungeon (5/15)             Temple (1/1) D:5

Altars:
Ashenzari
Cheibriados
Dithmenos
Elyvilon
Fedhas
Gozag
Hepliaklqana
Kikubaaqudgha
Makhleb
Nemelex Xobeh
Okawaru
Qazlal
Ru
Sif Muna
Trog
Uskayaw
Vehumet
Wu Jian
Xom
Yredelemnul
Zin
The Shining One


Message History

Beogh smites you!
Casting: Foxfire (safe; 1% risk of failure)
Confirm with . or Enter, or press ? or * to list all spells.
You feel a surge of power!
You conjure some foxfire!
The foxfire hits the adder!
The adder is severely wounded.
The foxfire hits the adder.
You kill the adder!
Vehumet accepts your kill.
The orc wizard gestures wildly while chanting.
The orc wizard blinks!
The orc priest invokes the aid of Beogh against you.
Beogh smites you!
The foxfire hits the orc wizard.
The orc wizard is moderately wounded.
The foxfire hits the orc wizard.
The orc wizard is moderately wounded.
The orc priest mumbles some strange prayers to Beogh against you.
Beogh smites you!
You die...

##.......§....
'.....o......
#....:..o.o..
#.#............
#.#............
#.#............
#.#.....o§§†...
#.#.###.§§§....
#.#.#.§@§......
#.#.#.#.##'#### ##
###........# # .#
#.....#....# .#
#.#..........# .#
#.#......#...#
.#######.#.#...###.##
.........#....... .#
################## #


You could see 2 orc priests, an orc wizard and an orc.

Vanquished Creatures
  Sigmund (D:2)
  A centaur (D:5)
  A jelly (D:5)
  A hound (D:4)
  A bullfrog skeleton (D:5)
  A worker ant (D:5)
  Ijyb (D:5)
  Terence (D:3)
  6 adders
  8 gnolls
  An ooze (D:1)
  5 worms
  3 dart slugs
  2 leopard geckos (D:1)
  4 orcs (D:4)
  2 giant cockroaches
  8 hobgoblins
  5 jackals
  8 kobolds
  2 quokkas
  2 ball pythons
  6 bats
  3 frilled lizards
  5 goblins
  2 leopard gecko zombies (D:5)
  4 rats
84 creatures vanquished.

Vanquished Creatures (others)
  177 foxfires
177 creatures vanquished.

Grand Total: 261 creatures vanquished

Notes
Turn   | Place    | Note
-------+----------+-------------------------------------------
     0 | D:1      | MrRokkomies the Deep Elf Fire Elementalist began the quest
                  | for the Orb.
     0 | D:1      | Reached XP level 1. HP: 10/10 MP: 6/6
   413 | D:1      | Reached XP level 2. HP: 15/15 MP: 4/8
  1361 | D:2      | Reached XP level 3. HP: 19/19 MP: 6/9
  1487 | D:2      | Reached skill level 4 in Fire Magic
  1872 | D:2      | Reached XP level 4. HP: 24/24 MP: 6/10
  1921 | D:2      | Learned a level 3 spell: Conjure Flame
  1925 | D:2      | Learned a level 3 spell: Inner Flame
  2445 | D:2      | Noticed Sigmund
  2543 | D:3      | Found a snail-covered altar of Cheibriados.
  2657 | D:3      | Noticed Terence
  2698 | D:3      | Killed Terence
  3520 | D:3      | Reached XP level 5. HP: 25/28 MP: 11/11
  4221 | D:4      | Found a blossoming altar of Fedhas.
  4421 | D:2      | Killed Sigmund
  4421 | D:2      | Reached skill level 5 in Fire Magic
  4421 | D:2      | Reached XP level 6. HP: 28/32 MP: 3/12
  4626 | D:5      | Entered Level 5 of the Dungeon
  4740 | D:5      | Reached skill level 6 in Fire Magic
  4856 | D:5      | Learned a level 4 spell: Sticky Flame
  4876 | D:5      | Reached skill level 5 in Conjurations
  4934 | D:5      | Reached XP level 7. HP: 35/36 MP: 7/13
  4943 | D:5      | Noticed Ijyb
  4949 | D:5      | Killed Ijyb
  5017 | D:5      | Found a snail-covered altar of Cheibriados.
  5104 | D:5      | Found a staircase to the Ecumenical Temple.
  5117 | Temple   | Entered the Ecumenical Temple
  5383 | Temple   | Became a worshipper of Vehumet
  5505 | D:5      | Killed from afar by an orc priest

Levels and vault maps discovered:
D:1:      lightli_arrival_noodles, layout_basic, serial_forest,
          infiniplex_forest_clump_cross, infiniplex_forest_fountain,
          infiniplex_forest_straight_2, infiniplex_forest_straight_5,
          infiniplex_forest_clump_diagonal, infiniplex_forest_straight_1
D:2:      layout_basic, uniq_sigmund
D:3:      layout_basic, old_standard_altar, first_ration, uniq_terence
D:4:      layout_loops_ring, fedhas_altar_3
D:5:      layout_basic, minmay_temple_entry_water_ring, kennysheep_slug_shrine,
          uniq_ijyb
Temple:   nicolae_temple_the_god_donut

Skill      XL: |  1  2  3  4  5  6 |
---------------+-------------------+-----
Conjurations   | 2 3 4 5 |  5.4
Dodging        | 3 4 |  4.8
Fire Magic     | 4 5 6 |  6.3
Stealth        | |  2.4
Spellcasting   | |  3.0

Action                   |  1- 3 |  4- 6 |  7- 9 || total
-------------------------+-------+-------+-------++-------
Melee: Dagger            |    16 |       |       ||    16
       Short sword       |    13 |    79 |     3 ||    95
       Rapier            |       |       |     1 ||     1
 Cast: Foxfire           |    38 |    59 |    17 ||   114
       Inner Flame       |       |     3 |       ||     3
       Conjure Flame     |       |     2 |       ||     2
       Sticky Flame      |       |     1 |       ||     1
  Use: Potion            |     5 |       |       ||     5
       Scroll            |       |    14 |       ||    14
 Stab: Sleeping          |     4 |     5 |       ||     9
  Eat: Chunk             |     2 |    10 |     2 ||    14
Armor: Robe              |     8 |     9 |       ||    17
       Skin              |    10 |       |       ||    10
Dodge: Dodged            |    32 |    62 |     5 ||    99

Table legend:
 A = Non-vault XP
 B = Vault XP
 C = Vault XP percentage of total XP
 D = Non-vault monster count
 E = Vault monster count
 F = Vault count percentage of total count
                 A         B        C        D         E       F
            +---------+---------+-------+---------+---------+-------
      Total |     601 |     295 |  32.9 |      80 |       4 |   4.8
            +---------+---------+-------+---------+---------+-------
        D:1 |      37 |       0 |   0.0 |      17 |       0 |   0.0
        D:2 |      80 |     227 |  73.9 |      22 |       1 |   4.3
        D:3 |      90 |      32 |  26.2 |      20 |       1 |   4.8
        D:4 |      56 |       0 |   0.0 |       7 |       0 |   0.0
        D:5 |     338 |      36 |   9.6 |      14 |       2 |  12.5
            +---------+---------+-------+---------+---------+-------
